 Dungeon Crawl Stone Soup version 0.26.0-10-g1f06aea511 (webtiles) character file.

Game seed: 6126249830047586504

100 Arum the Skirmisher (level 4, 0/29 HPs)
             Began as a Gargoyle Fighter on Jan 18, 2021.
             Slain by Sigmund
             ... wielding a +0 scythe
              (11 damage)
             ... on level 2 of the Dungeon.
             The game lasted 00:01:59 (1715 turns).

Arum the Skirmisher (Gargoyle Fighter)              Turns: 1715, Time: 00:02:00

Health: 0/29       AC: 10    Str: 21    XL:     4   Next: 73%
Magic:  4/4        EV:  7    Int:  8    God:
Gold:   80         SH:  0    Dex:  9    Spells: 3/3 levels left

rFire    . . .     SeeInvis .   a - +0 flail
rCold    . . .     Faith    .   c - +0 kite shield
rNeg     + . .     Spirit   .   b - +0 scale mail
rPois    ∞         Reflect  .   (no helmet)
rElec    +         Harm     .   (no cloak)
rCorr    .         Rampage  .   (no gloves)
Will     .....                  (no boots)
Stlth    ..........             (no amulet)
HPRegen  0.09/turn              (no ring)
MPRegen  0.09/turn              (no ring)

@: confused
A: negative energy resistance 1, electricity resistance, unbreathing,
petrification resistance, miasma immunity, AC +3
a: no special abilities


You were on level 2 of the Dungeon.
You visited 1 branch of the dungeon, and saw 2 of its levels.

You collected 80 gold pieces.

Inventory:

Hand Weapons
 a - a +0 flail (weapon)
Missiles
 j - 11 javelins (quivered)
Armour
 b - a +0 scale mail (worn)
 c - a +0 kite shield (worn)
Wands
 n - a wand of disintegration (13)
Scrolls
 f - a scroll of enchant armour {unknown}
 g - 2 scrolls of magic mapping {unknown}
 i - 3 scrolls of remove curse {unknown}
 k - 4 scrolls of identify {unknown}
 m - a scroll of amnesia {unknown}
 o - a scroll of noise {unknown}
 p - a scroll of immolation {unknown}
Potions
 d - 2 potions of might
 e - 2 potions of curing {unknown}
 h - a potion of lignification {unknown}
 l - a potion of heal wounds {unknown}
 q - a potion of cancellation {unknown}


   Skills:
 + Level 4.1 Fighting
 + Level 2.8 Maces & Flails
 + Level 4.0 Armour
 + Level 4.1 Shields


You had 3 spell levels left.
You didn't know any spells.
Your spell library was empty.

Dungeon Overview and Level Annotations

Branches:
Dungeon (2/15)

Altars:

Annotations:
D:2 Sigmund


Innate Abilities, Weirdness & Mutations

You are resistant to torment.
Your stone body is resilient. (AC +3)
You are immune to poison.
You resist negative energy. (rN+)
You are resistant to electric shocks. (rElec)
You can survive without breathing.
You are immune to petrification.
You are immune to miasma.


Message History

You are too confused!
You bump into the rock wall.
Sigmund hits you but does no damage.
You bump into the rock wall.
You bump into the rock wall.
Sigmund hits you with a +0 scythe.
You bump into the rock wall.
Sigmund points at himself and mumbles some strange words.
Sigmund flickers and vanishes!
Deactivating autopickup; reactivate with Ctrl-A.
You closely miss something. Something hits you.
You bump into the rock wall.
You feel less confused. Something hits you but does no damage.
You miss something. You closely miss something. Something hits you.
You sock something! Something hits you but does no damage.
You miss something.
You hear some strange, mumbled words.
You are confused.
You barely miss something. Something hits you!
You die...

### ### #.#########.#
#...........# #.#########.# #.#
#.....# #.# #.##### #.#
#.##############
#.#####.......@{....[.
###.##....#############.
................#
###.#.....#####.# #.#.....#####.#
#.#.....##....#
###.#.....##.###############
..#.#.....##...............######
................<................


There were no monsters in sight!

Vanquished Creatures
  3 adders (D:2)
  An ooze (D:1)
  4 worms (D:2)
  A dart slug (D:1)
  A ball python (D:1)
  10 bats
  4 giant cockroaches
  5 hobgoblins
  4 jackals (D:2)
  2 kobolds
  A quokka (D:2)
  3 frilled lizards
  8 goblins
  3 rats
50 creatures vanquished.

Notes
Turn   | Place    | Note
-------+----------+-------------------------------------------
     0 | D:1      | Arum the Gargoyle Fighter began the quest for the Orb.
     0 | D:1      | Reached XP level 1. HP: 14/14 MP: 1/1
    99 | D:1      | Reached XP level 2. HP: 19/19 MP: 2/2
   488 | D:1      | Reached XP level 3. HP: 23/23 MP: 3/3
   982 | D:2      | Reached XP level 4. HP: 29/29 MP: 4/4
  1696 | D:2      | Noticed Sigmund
  1715 | D:2      | Slain by Sigmund

Illustrated notes

Levels and vault maps discovered:
D:1:      dpeg_arrival_simpleton_b, layout_loops_cross
D:2:      wad_river_or_something, layout_basic, uniq_sigmund

Skill      XL: |  1  2  3  4 |
---------------+-------------+-----
Fighting       | 4 |  4.1
Shields        | 4 |  4.1
Armour         | 4 |  4.0
Maces & Flails | |  2.8

Action                   |  1- 3 |  4- 6 || total
-------------------------+-------+-------++-------
Melee: Flail             |   141 |    60 ||   201
Armor: Scale mail        |    90 |    39 ||   129
Dodge: Dodged            |    59 |    22 ||    81
Block: Kite shield       |    99 |    32 ||   131
